 Dungeon Crawl Stone Soup version 0.28-a0-245-g639a1a48b9 (webtiles) character file.

Game seed: 5343538003054127213

1835 robertstho the Thaumaturge (level 9, 0/62 HPs)
             Began as a Djinni Fire Elementalist on Aug 24, 2021.
             Slain by a centaur (1 damage)
             ... on level 6 of the Dungeon.
             The game lasted 00:09:02 (7493 turns).

robertstho the Thaumaturge (DjFE)                   Turns: 7493, Time: 00:09:04

Health: 0/62       AC:  3    Str:  5 (7)  XL:     9   Next: 33%
Gold:   177        EV: 12    Int: 18 (21) God:
                   SH:  0    Dex: 12 (13)

rFire   + + .      SeeInvis .   r - +2 dagger (venom)
rCold   x . .      Faith    .   (no shield)
rNeg    . . .      Spirit   .   a - +0 robe
rPois   ∞          Reflect  .   (no helmet)
rElec   .          Harm     .   e - +0 cloak
rCorr   .          Rampage  .   (no gloves)
Will    .....                   (boots unavailable)
Stlth   ++........              (no amulet)
HPRegen 0.20/turn               (no ring)
MPRegen 0.00/turn               (no ring)

@: about to teleport, flying
A: sickness immunity, fire resistance 2, cold vulnerability 1, float, innate
caster, hp casting, extra vitality 1
a: no special abilities


You were on level 6 of the Dungeon.
You visited 1 branch of the dungeon, and saw 6 of its levels.

You collected 177 gold pieces.

Inventory:

Hand Weapons
 p - a +0 dagger of flaming
 r - a +2 dagger of venom (weapon)
Armour
 a - a +0 robe (worn)
 e - a +0 cloak (worn)
Wands
 d - a wand of polymorph (20)
 l - a wand of paralysis (4)
Scrolls
 b - 2 scrolls of blinking {unknown}
 c - a scroll of noise {unknown}
 f - a scroll of silence
 h - a scroll of enchant armour
 i - a scroll of immolation
Potions
 g - a potion of cancellation {unknown}
 m - a potion of degeneration
 n - a potion of haste {unknown}
 o - a potion of lignification {unknown}


   Skills:
 * Level 3.6 Fighting
 + Level 2.7 Dodging
 + Level 3.0 Stealth
 * Level 8.3 Spellcasting


You couldn't memorise any spells.
You knew the following spells:

 Your Spells              Type           Power      Damage    Failure   Level
a - Foxfire               Conj/Fire      100%       2x1d9     1%          1
b - Conjure Flame         Conj/Fire      37%        6-21      1%          3
c - Inner Flame           Hex/Fire       37%        N/A       1%          3
d - Sticky Flame          Conj/Fire      37%        2d6       3%          4
e - Fireball              Conj/Fire      18%        3d9       9%          5
f - Freeze                Ice            100%       1d11      1%          1
g - Blink                 Tloc           N/A        N/A       1%          2
h - Call Imp              Summ           37%        N/A       1%          2
i - Leda's Liquefaction   Hex/Erth       18%        N/A       3%          4
Your spell library was empty.

Dungeon Overview and Level Annotations

Branches:
Dungeon (6/15)
 Temple: D:4-7

Altars:
Ashenzari
Cheibriados
Fedhas
Nemelex Xobeh
Okawaru


Innate Abilities, Weirdness & Mutations

You are immune to sickness and miasma.
You are immune to poison.
Your flesh is very heat resistant. (rF++)
You are vulnerable to cold. (rC-)
You float through the air rather than walking.
You learn spells naturally, not from books.
Your magical power is your life essence.
You have superior vitality. (+4 HP)


Message History

* * * LOW HITPOINT WARNING * * *
Casting: Foxfire (safe; 1% risk of failure)
Press: ? - help, Q - select action, (/) - cycle Dir - look around, f - activate You conjure some foxfire!
* * * LOW HITPOINT WARNING * * *
The foxfire hits the centaur.
The centaur is severely wounded.
The centaur shoots an arrow.
The arrow hits you!
* * * LOW HITPOINT WARNING * * *
The foxfire hits the jelly.
The jelly is moderately wounded.
Casting: Foxfire (safe; 1% risk of failure)
Confirm with . or Enter, or press ? or * to list all spells.
You don't have enough health to cast this spell.
Unknown command.
You feel better.
The foxfire hits the centaur but does no damage.
The centaur is severely wounded.
The foxfire hits the centaur but does no damage.
The centaur is severely wounded.
The centaur shoots an arrow.
The arrow hits you!
* * * LOW HITPOINT WARNING * * *
You feel better.
The centaur shoots an arrow.
The arrow hits you.
* * * LOW HITPOINT WARNING * * *
The centaur shoots an arrow.
The arrow hits you.
* * * LOW HITPOINT WARNING * * *
The jelly hits you but does no damage.
As you read the scroll labelled ROTEAR QOEPN, it crumbles to dust.
You feel strangely unstable.
It was a scroll of teleportation.
The centaur shoots an arrow.
The arrow closely misses you. The jelly hits you.
* * * LOW HITPOINT WARNING * * *
You are splashed with acid.
* * * LOW HITPOINT WARNING * * *
It was a potion of degeneration.
There was something very wrong with that liquid.
You feel weakened.
You feel dopey.
You feel clumsy.
The centaur unwields a +0 shortbow.
The centaur hits you but does no damage.
The centaur kicks you.
You die...

.......... ........# .
.......# .. ......##
#.###....(.#
#..........####
................
....##Jc†....#
.......@.....##.[
..............#..
.................
.................
....>...#.#..#..#
................. ....#
#.≈≈≈≈≈≈≈≈≈...... >...#
..≈.......≈..#####....#.
.≈.#####.≈..####.......


You could see a centaur and a jelly.

Vanquished Creatures
  Pikel (D:5)
  A centaur zombie (D:5)
  2 water moccasins (D:5)
  A sky beast (D:3)
  An ogre (D:5)
  A scorpion (D:6)
  3 orc priests
  2 centaur skeletons
  Crazy Yiuf (D:3)
  A bullfrog skeleton (D:6)
  2 hounds (D:5)
  Ijyb (D:3)
  Natasha (twice) (D:3)
  An iguana (D:5)
  2 orc wizards (D:5)
  A hound skeleton (D:4)
  4 gnolls (D:2)
  A howler monkey skeleton (D:5)
  4 adders
  A shadow imp (D:5)
  5 dart slugs
  19 orcs
  5 ball pythons
  9 endoplasms
  4 giant cockroaches
  6 hobgoblins
  3 quokkas
  4 bats
  3 frilled lizards
  13 goblins
  4 kobolds
  15 rats
123 creatures vanquished.

Vanquished Creatures (collateral kills)
  A foxfire (D:5)
1 creature vanquished.

Vanquished Creatures (others)
  631 foxfires
631 creatures vanquished.

Grand Total: 755 creatures vanquished

Notes
Turn   | Place    | Note
-------+----------+-------------------------------------------
     0 | D:1      | robertstho the Djinni Fire Elementalist began the quest for
                  | the Orb.
     0 | D:1      | Reached XP level 1. HP: 15/15 MP: 0/0
   268 | D:1      | Reached XP level 2. HP: 18/21 MP: 0/0
  1154 | D:1      | Reached XP level 3. HP: 23/26 MP: 0/0
  1154 | D:1      | Learned a level 1 spell: Freeze
  1246 | D:1      | Reached skill level 3 in Spellcasting
  1883 | D:2      | Reached XP level 4. HP: 27/31 MP: 0/0
  2066 | D:2      | Reached skill level 1 in Fighting
  2617 | D:2      | Reached XP level 5. HP: 37/37 MP: 0/0
  2617 | D:2      | Learned a level 2 spell: Blink
  3244 | D:3      | Reached skill level 4 in Spellcasting
  3494 | D:3      | Noticed Natasha
  3504 | D:3      | Killed Natasha
  3505 | D:3      | Reached XP level 6. HP: 23/42 MP: 0/0
  3560 | D:3      | Noticed a sky beast
  3568 | D:3      | Killed a sky beast
  3802 | D:3      | Noticed Natasha
  3810 | D:3      | Killed Natasha
  3811 | D:3      | Reached skill level 5 in Spellcasting
  4020 | D:3      | Noticed Ijyb
  4027 | D:3      | Killed Ijyb
  4120 | D:3      | Found a runed translucent door.
  4121 | D:3      | Noticed Crazy Yiuf
  4183 | D:3      | Found a sparkling altar of Nemelex Xobeh.
  4205 | D:3      | Found a snail-covered altar of Cheibriados.
  4385 | D:3      | Killed Crazy Yiuf
  4570 | D:4      | Reached XP level 7. HP: 44/47 MP: 0/0
  4570 | D:4      | Learned a level 2 spell: Call Imp
  5813 | D:5      | Entered Level 5 of the Dungeon
  5876 | D:5      | Noticed a water moccasin
  5880 | D:5      | Killed a water moccasin
  5917 | D:5      | Reached skill level 6 in Spellcasting
  5917 | D:5      | Reached XP level 8. HP: 21/55 MP: 0/0
  6276 | D:5      | Found a blossoming altar of Fedhas.
  6341 | D:5      | Reached skill level 7 in Spellcasting
  6724 | D:5      | Noticed Pikel
  6742 | D:5      | Killed Pikel
  6743 | D:5      | Reached XP level 9. HP: 52/61 MP: 0/0
  6743 | D:5      | Learned a level 4 spell: Leda's Liquefaction
  6818 | D:5      | Reached skill level 8 in Spellcasting
  7177 | D:5      | Found an iron altar of Okawaru.
  7431 | D:6      | Found a broken altar of Ashenzari.
  7491 | D:6      | HP: 1/62 [acid (6)]
  7493 | D:6      | Slain by a centaur

Illustrated notes

Levels and vault maps discovered:
D:1:      dpeg_arrival_prison, layout_basic
D:2:      kennysheep_the_goblin_king, layout_basic
D:3:      wander_river, layout_basic, cheibriados_altar_1,
          mainiacjoe_overflow_cross_hatched, uniq_crazy_yiuf_cottage, uniq_ijyb,
          uniq_natasha
D:4:      layout_layer_cave, serial_park_tiny_1
D:5:      layout_basic, general_overflow_altar, mainiacjoe_overflow_alcove_1,
          uniq_pikel
D:6:      layout_rooms, mainiacjoe_overflow_brackets,
          mainiacjoe_overflow_alcove_4

Skill      XL: |  1  2  3  4  5  6  7  8  9 |
---------------+----------------------------+-----
Spellcasting   | 3 4 5 6 7 8 |  8.3
Fighting       | 1 2 3 |  3.6
Stealth        | 2 3 |  3.0
Dodging        | |  2.7

Action                   |  1- 3 |  4- 6 |  7- 9 || total
-------------------------+-------+-------+-------++-------
Melee: Dagger            |       |     2 |       ||     2
 Cast: Foxfire           |    89 |   124 |   161 ||   374
       Sticky Flame      |       |     3 |     7 ||    10
Evoke: Wand              |       |       |     1 ||     1
  Use: Scroll            |       |     5 |     1 ||     6
       Potion            |       |       |     4 ||     4
Armor: Robe              |       |     2 |     7 ||     9
Dodge: Dodged            |     8 |     6 |    23 ||    37

Table legend: (Time is in decaauts)
 A = Elapsed time spent in this place.
 B = Non-inter-level travel time spent in this place.
 C = Inter-level travel time spent in this place.
 D = Time resting spent in this place.
 E = Time spent auto-exploring this place.
 F = Levels seen in this place.
 G = Mean time per level.
                   A        B        C        D        E       F      G
               +--------+--------+--------+--------+--------+-----+--------+
         Total |   7491 |   7302 |    189 |    696 |   5821 |   6 | 1248.5 |
       Dungeon |   7491 |   7302 |    189 |    696 |   5821 |   6 | 1248.5 |
               +--------+--------+--------+--------+--------+-----+--------+

Top non-repeatable levels by time:
     D:2: 1611 daAuts
     D:5: 1611 daAuts
     D:3: 1553 daAuts
     D:1: 1383 daAuts
     D:4: 1263 daAuts
     D:6: 67 daAuts
